Cogmind - Beta 10.2 @@@ ROGUE MODE // 2020.11.16 @ 11:02:39 // Halloween2020/ForbiddenLore Player: Flufflewump Result: Destroyed by S-10 Pest with Light Assault Rifle Performance ------------- Evolutions (0) 0 Regions Visited (4) 800 Robots Destroyed (17) 85 Value Destroyed (181) 181 Prototype IDs (0) 0 Alien Tech Used (0) 0 Bonus (7) 7 TOTAL SCORE: 1073 Bonus ------- Follower Combat Kills 7 Cogmind --------- Core Integrity 0/250 Matter 300/300 Energy 127/150 System Corruption 6% Temperature Cool (35) Movement Walking (120) Location -9/Mines Parts ------- > --- POWER (1) -------- Light Angular Momentum Engine > --- PROPULSION (2) --- Carbon-fiber Leg Wheel > --- UTILITY (2) ------ Structural Scanner > --- WEAPON (2) ------- Mining Laser > --- INVENTORY (4) ---- Ion Engine Light Ion Engine Large Storage Unit Peak State ------------ > --- POWER ------------ Light Angular Momentum Engine > --- PROPULSION ------- Carbon-fiber Leg Wheel > --- UTILITY ---------- Structural Scanner > --- WEAPON ----------- Mining Laser > --- INVENTORY -------- Ion Engine Light Ion Engine Large Storage Unit [Rating: 11] Favorites ----------- Power Light Ion Engine Engine Light Ion Engine Propulsion Aluminum Leg Leg Aluminum Leg Wheel Wheel Utility Small Storage Unit Device Structural Scanner Storage Small Storage Unit Processor Signal Interpreter Weapon Light Assault Rifle Energy Gun Medium Laser Ballistic Gun Light Assault Rifle Launcher Grenade Launcher Special Weapon Mining Laser Build | -11 -10 -10 -10 -9 ------- Run | Scr Mat Min Exi Min Slots Evolved . | . . . . . Power . | . . . . . Propulsion . | . . . . . Utility . | . . . . . Weapon . | . . . . . Parts Attached 18 | . 10 2 3 3 Power 3 | . 1 . 1 1 Engine 3 | . 1 . 1 1 Core . | . . . . . Reactor . | . . . . . Propulsion 3 | . 1 . 1 1 Treads . | . . . . . Leg 2 | . 1 . . 1 Wheel 1 | . . . 1 . Hover . | . . . . . Flight . | . . . . . Utility 3 | . 2 . 1 . Device 2 | . 1 . 1 . Storage . | . . . . . Processor 1 | . 1 . . . Hackware . | . . . . . Protection . | . . . . . Artifact . | . . . . . Weapon 9 | . 6 2 . 1 Energy Gun 1 | . 1 . . . Energy Cannon . | . . . . . Ballistic Gun 4 | . 3 1 . . Ballistic Cannon . | . . . . . Launcher 3 | . 2 1 . . Special Weapon 1 | . . . . 1 Impact Weapon . | . . . . . Slashing Weapon . | . . . . . Piercing Weapon . | . . . . . Special Melee Weapon . | . . . . . Unidentified Prototypes . | . . . . . Parts Lost 6 | . 2 4 . . Power 1 | . . 1 . . Propulsion 2 | . 1 1 . . Utility . | . . . . . Weapon 3 | . 1 2 . . Highest Loss Streak 2 | . 2 2 . . Average Slot Usage (%) 49 | . 79 70 28 62 Engine 13 | . 14 9 14 14 Leg 8 | . 22 15 . 6 Wheel 5 | . . . 7 14 Device 7 | . 8 . 7 14 Storage 5 | . 14 12 . . Processor 2 | . 1 12 . . Ballistic Gun 5 | . 14 12 . . Special Weapon 1 | . . . . 12 Naked Turns 15 | . . 15 . . Heaviest Build 13 | 12 12 13 4 11 Greatest Support 20 | 20 20 20 10 15 Greatest Overweight (x) 1 | . 1 1 . . Average Overweight (x) . | . . . . . Largest Inventory Capacity 6 | . 6 6 4 4 Average Capacity 4 | . 6 5 4 4 Most Carried 6 | . 6 5 3 3 Average Carried 3 | . 5 4 2 2 Final Capacity 6 | 6 6 4 4 4 Final Carried 6 | 6 5 4 2 3 Class Distribution -------------------- 100% | Mutant Dominant Class ---------------- Mutant | -10/Materials Mutant | -10/Mines Mutant | -10/Exiles Mutant | -9/Mines Resources | -11 -10 -10 -10 -9 ----------- Run | Scr Mat Min Exi Min Matter Collected 523 | 200 51 20 205 47 Remotely . | . . . . . Salvage Created 128 | . 100 28 . . Parts 30 | . 20 10 . . Haulers Intercepted . | . . . . . Recyclers Shooed . | . . . . . Parts Field Recycled . | . . . . . Retrieved Matter . | . . . . . Parts Self-Destructed . | . . . . . Prevented . | . . . . . Kills | -11 -10 -10 -10 -9 ------- Run | Scr Mat Min Exi Min Combat Hostiles Destroyed 14 | . 7 6 . 1 Guns 2 | . 1 1 . . Cannons 1 | . . . . 1 AOE 11 | . 6 5 . . Classes Destroyed 4 | . 3 1 . . Builder 2 | . 2 . . . Tunneler 1 | . . 1 . . Swarmer 13 | . 6 6 . 1 Grunt 1 | . 1 . . . Best Kill Streak 4 | . 4 3 . 1 Combat Bots Only 3 | . 3 3 . 1 Max Kills in Single Turn 4 | . 4 3 . 1 Gunslinging . | . . . . . Exploded 3 | . 3 2 . . Melee . | . . . . . Uniques/NPCs Destroyed . | . . . . . Combat | -11 -10 -10 -10 -9 -------- Run | Scr Mat Min Exi Min Damage Taken 919 | . 591 248 . 80 Core 257 | . 164 70 . 23 Absorbed by Shields . | . . . . . Core Remaining (%) 100 | 100 . . . . Volleys Fired 36 | . 9 23 . 4 Largest 2 | . 2 2 . 1 Hottest 100 | . 70 50 . 100 Shots Fired 41 | . 12 25 . 4 Gun 30 | . 8 22 . . Cannon . | . . . . . Launcher 7 | . 4 3 . . Special 4 | . . . . 4 Kinetic 28 | . 6 22 . . Thermal 6 | . 2 . . 4 Explosive 7 | . 4 3 . . Electromagnetic . | . . . . . Robot Hit Streak 4 | . 2 4 . 2 Robot Miss Streak 7 | . 7 4 . 3 Penetration Max . | . . . . . Secondary Targets . | . . . . . Shots Hit Robots 15 | . 3 11 . 1 Core Hits 22 | . 12 10 . . Critical Hits . | . . . . . Critical Kills . | . . . . . Critical Parts Destroyed . | . . . . . Melee Attacks . | . . . . . Impact . | . . . . . Slashing . | . . . . . Piercing . | . . . . . Sneak Attacks . | . . . . . Combat Hostiles . | . . . . . Follow-up Attacks . | . . . . . Damage Inflicted 809 | . 348 413 . 48 Guns 137 | . 29 108 . . Cannons . | . . . . . Explosions 624 | . 319 305 . . Melee . | . . . . . Ramming . | . . . . . Kinetic 125 | . 17 108 . . Thermal 60 | . 12 . . 48 Explosive 624 | . 319 305 . . Electromagnetic . | . . . . . Impact . | . . . . . Slashing . | . . . . . Piercing . | . . . . . Highest Corruption 6 | . 6 6 6 6 Average Corruption 6 | . 6 6 6 6 Corruption Purged . | . . . . . Effects 36 | . 3 7 24 2 Message Errors 13 | . . 1 11 1 Matter Fused 10 | . 1 3 6 . Heat Flow Errors 5 | . 1 1 3 . Energy Discharges 2 | . . . 2 . Data Loss (minor) 3 | . . 1 1 1 Data Loss (major) 1 | . . . 1 . Targeting Errors 2 | . 1 1 . . Overload Shots . | . . . . . Overflow Damage 27 | . 3 . . 24 Projectiles 24 | . . . . 24 Explosions 3 | . 3 . . . Melee . | . . . . . Knockbacks . | . . . . . Impact . | . . . . . Kinetic . | . . . . . Secondary . | . . . . . Self-Inflicted Damage 97 | . 97 . . . Shots 3 | . 3 . . . Rammed . | . . . . . Targets Rammed . | . . . . . Kicked . | . . . . . Crushed . | . . . . . Highest Temperature 256 | . 200 138 256 35 Average Temperature 81 | . 71 79 112 16 Received Heat Transfer 24 | . 24 . . . Siege Activations . | . . . . . Robots Corrupted . | . . . . . Combat Hostiles . | . . . . . Parts Fried . | . . . . . Impact Corruptions . | . . . . . Robots Melted . | . . . . . Combat Hostiles . | . . . . . Parts Melted . | . . . . . Heat Transferred 137 | . 37 . . 100 Parts Sabotaged . | . . . . . Parts Stolen . | . . . . . Parts Stripped . | . . . . . Power Chain Reactions . | . . . . . Missiles Intercepted . | . . . . . Alert | -11 -10 -10 -10 -9 ------- Run | Scr Mat Min Exi Min Peak Influence 179 | . 165 179 . 77 Initial 64 | . . 64 . . Average 72 | . 53 123 . 44 Maximum Alert Level . | . . . . . Low Security (%) 100 | . 100 100 . 100 Level 1 . | . . . . . Level 2 . | . . . . . Level 3 . | . . . . . Level 4 . | . . . . . Level 5 . | . . . . . High Security . | . . . . . Max Security . | . . . . . Squads Dispatched 1 | . 1 . . . Investigation . | . . . . . Extermination . | . . . . . Reinforcement 1 | . 1 . . . Assault . | . . . . . Garrison . | . . . . . Intercept . | . . . . . Construction Impeded . | . . . . . Haulers Reinforced . | . . . . . Stealth | -11 -10 -10 -10 -9 --------- Run | Scr Mat Min Exi Min Distress Signals 1 | . 1 . . . Communications Jammed . | . . . . . Distress Signals . | . . . . . Times Spotted 26 | . 12 8 . 6 Peak Tracking Total 5 | . 5 3 . 4 Tactical Retreats 2 | . . . . 2 Traps | -11 -10 -10 -10 -9 ------- Run | Scr Mat Min Exi Min Traps Triggered 1 | . 1 . . . Indirectly . | . . . . . Trap Hack Attempts . | . . . . . Triggered . | . . . . . Disarmed . | . . . . . Reprogrammed . | . . . . . Reused . | . . . . . Traps Extracted . | . . . . . Installed . | . . . . . Triggered . | . . . . . Machines | -11 -10 -10 -10 -9 ---------- Run | Scr Mat Min Exi Min Machines Disabled 1 | . 1 . . . Max in Single Turn 1 | . 1 . . . Machines Sabotaged . | . . . . . Garrisons Compromised . | . . . . . Overloaded Fab Kills . | . . . . . Fab Network Shutdowns . | . . . . . Hacking | -11 -10 -10 -10 -9 --------- Run | Scr Mat Min Exi Min Machines Accessed 4 | . . . 4 . Terminals . | . . . . . Fabricators . | . . . . . Repair Stations . | . . . . . Recycling Units . | . . . . . Scanalyzers . | . . . . . Garrison Access . | . . . . . Total Hacks 49 | . . . 49 . Successful 49 | . . . 49 . Failed . | . . . . . Catastrophic . | . . . . . Database Lockouts . | . . . . . Manual 1 | . . . 1 . Terminals . | . . . . . Fabricators . | . . . . . Repair Stations . | . . . . . Recycling Units . | . . . . . Scanalyzers . | . . . . . Garrison Access . | . . . . . Terminal Hacks 49 | . . . 49 . Record 49 | . . . 49 . Fabricator Hacks . | . . . . . Repair Station Hacks . | . . . . . Recycling Unit Hacks . | . . . . . Scanalyzer . | . . . . . Garrison Access Hacks . | . . . . . Unauthorized Hacks . | . . . . . Terminals . | . . . . . Fabricators . | . . . . . Repair Stations . | . . . . . Recycling Units . | . . . . . Scanalyzers . | . . . . . Garrison Access . | . . . . . Data Cores Recovered . | . . . . . Used . | . . . . . Hacking Detections . | . . . . . Full Trace Events . | . . . . . Feedback Events . | . . . . . Feedback Blocked . | . . . . . Robot Schematics Acquired . | . . . . . Robots Built . | . . . . . Matter . | . . . . . Time . | . . . . . Total Robot Build Rating . | . . . . . Part Schematics Acquired . | . . . . . Parts Built . | . . . . . Matter . | . . . . . Time . | . . . . . Total Part Build Rating . | . . . . . Parts Repaired . | . . . . . Time . | . . . . . Parts Recycled . | . . . . . Recycled Matter . | . . . . . Retrieved Matter . | . . . . . Retrieved Components . | . . . . . Parts Scanalyzed . | . . . . . Part Schematics Acquired . | . . . . . Parts Damaged . | . . . . . Bothacking | -11 -10 -10 -10 -9 ------------ Run | Scr Mat Min Exi Min Used RIF Installer . | . . . . . Robots Hacked . | . . . . . Non-combat . | . . . . . Combat . | . . . . . Robot Hacks Applied . | . . . . . Relay Couplers Released . | . . . . . Robots Rewired . | . . . . . Allies Hacked . | . . . . . Hacks Repelled . | . . . . . Allies | -11 -10 -10 -10 -9 -------- Run | Scr Mat Min Exi Min Total Allies 1 | . . . . 1 Largest Group 1 | . . . . 1 Highest-Rated Group 31 | . . . . 31 Highest-Rated Ally 31 | . . . . 31 Total Orders . | . . . . . Ally Attacks 14 | . . . . 14 Total Damage 148 | . . . . 148 Kills 1 | . . . . 1 Allies Corrupted . | . . . . . Allies Melted . | . . . . . Intel | -11 -10 -10 -10 -9 ------- Run | Scr Mat Min Exi Min Robot Analysis Total . | . . . . . Derelict Logs Recovered . | . . . . . Drone Launches . | . . . . . Drone Recoveries . | . . . . . Exploration | -11 -10 -10 -10 -9 ------------- Run | Scr Mat Min Exi Min Turns Passed 1612 | . 388 211 889 124 Spaces Moved 1902 | 1 256 139 1426 80 Core 887 | . . 31 856 . Treads . | . . . . . Legs 401 | 1 256 108 . 36 Wheels 614 | . . . 570 44 Hover . | . . . . . Flight . | . . . . . Fastest Speed 50 | 120 120 50 50 80 Average Speed 76 | 120 130 118 61 98 Slowest Speed 150 | 120 150 150 80 120 Overloaded Moves . | . . . . . Propulsion Burnouts . | . . . . . Robots Hopped . | . . . . . Cave-ins Triggered 1 | . 1 . . . Exploration Rate (%) 35 | 2 50 21 91 12 Regions Visited 4 Branch Regions 3 Pre-discovered Areas 1 | . . . 1 . Known Exits Taken 1 | . 1 . . . Unknown Exits Taken 3 | 1 . 1 1 . Scrap Searched 1 | . . . . 1 Spaces Dug . | . . . . . Terrain Destroyed 52 | . 28 22 . 2 Melee . | . . . . . Projectile 2 | . . . . 2 AOE 50 | . 28 22 . . Terrain Rammed . | . . . . . Walls Destroyed . | . . . . . Machines Disabled . | . . . . . Actions | -11 -10 -10 -10 -9 --------- Run | Scr Mat Min Exi Min Total 2012 | . 303 163 1431 115 Wait 40 | . 13 . . 27 Move 1898 | . 255 138 1425 80 Hop . | . . . . . Pick Up 7 | . 5 . 2 . Fast Attach 7 | . 3 1 . 3 Attach 8 | . 4 1 3 . Detach 4 | . 3 . . 1 Swap 3 | . 3 . . . Drop 9 | . 8 . 1 . Fire 36 | . 9 23 . 4 Melee . | . . . . . Ram . | . . . . . Kick . | . . . . . Crush . | . . . . . Escape Stasis . | . . . . . Rewire . | . . . . . Trap . | . . . . . Miscellaneous . | . . . . . Route ------- -11/Scrapyard -10/Materials (discovered 2 exits: *Min x2) -10/Mines (discovered 2 exits: [*Mat] / *Exi) -10/Exiles (discovered 2 exits: [*Min x2]) -9/Mines History --------- Turn | Location | Event 1 | -11/Scrapyard | Discovered new exit (range 0) 1 | -11/Scrapyard | Entered Materials 189 | -10/Materials | Crushed by falling debris 230 | -10/Materials | Discovered new exit (range 15) 312 | -10/Materials | Build established: Mutant 343 | -10/Materials | Discovered new exit (range 15) 369 | -10/Materials | Core integrity fell below 50% 382 | -10/Materials | Identified exit to Mines 389 | -10/Materials | Entered Mines 489 | -10/Mines | Deemed a non-threat by the Exiles lab entrance 491 | -10/Mines | Discovered new exit (range 5) 582 | -10/Mines | Assembled infested the area 584 | -10/Mines | Discovered new exit (range 8) 585 | -10/Mines | Released all parts (4) 586 | -10/Mines | Core integrity fell below 20% 600 | -10/Mines | Entered Exiles 609 | -10/Exiles | Discovered new exit (range 14) 616 | -10/Exiles | Met 8R-AWN 623 | -10/Exiles | Met EX-HEX 659 | -10/Exiles | Met EX-BIN 724 | -10/Exiles | Met EX-DEC 745 | -10/Exiles | Discovered new exit (range 12) 787 | -10/Exiles | Visited The Gauntlet 848 | -10/Exiles | Learned location of Zion (-6) 1489 | -10/Exiles | Entered Mines 1492 | -9/Mines | Received a Mining Laser from a helpful Derelict 1613 | -9/Mines | Destroyed by S-10 Pest with Light Assault Rifle Last Messages --------------- 01495_ 5E-65P(g): "You're apparently new around these parts, I'll cover you." 01497_ 5E-65P(g): "Mining lasers are a lot more useful than you might think..." 01508_ Searching scrap... 01508_ Found Salvage Targeting Computer. 01508_ Found 29 Matter. 01509_ Acquired 27 matter. 01526_ S-10 Pest destroyed. 01529_ WSPO4GSEXJYH1>DA VOPB7ETPVCWV><2Z: 01548_ 5E-65P(g) destroyed. 01550_ System corrupted: Component data lost. 01551_ S-10 Pest heat spikes uncontrollably. 01551_ Destroyed Lgt. Assault Rifle. 01554_ S-10 Pest heat damages core (-2). 01557_ Acquired Carbon-fiber Leg. 01558_ S-10 Pest heat damages Lgt. Ion Engine. 01560_ Acquired Lgt. Angular Momentum Engine. 01562_ Acquired 2 matter. 01568_ Acquired 18 matter. 01571_ Destroyed Lgt. Ion Engine. 01571_ S-10 Pest destroyed. Map ----- +----------------------------------------------------+ | ???????????# #????????????????????????? | | ???????????# #????????????????????????? | | ???????????# #????????????????????????? | | ???????????# #????????????????????????? | | ???????????#!#????????????????????????? | | ???????????# #????????????????????????? | | ???????????# #????????????????????????? | | ???????????# #????????????????????????? | | ???????????#%#????????????????????????? | | ???????????#=#????????????????????????? | | ???????????#%#????????????????????????? | | ???????????#*#????????????????????????? | | ???????????# ####?????????????????????? | | ???????????# #?????????????????????? | | ???????????#### #?????????????????????? | | ??????????????# #?????????????????????? | | ??????????????# #?????????????????????? | | ??????????????# #?????????????????????? | | ??????????????# #?????????????????????? | | ??????????##### ##????????????????????? | | ??????????# #????????????????????? | | ??????????#""" #????????????????????? | | ??????????#""" #????????????????????? | | ??????????#""" #????????????????????? | | ??????????# #????????????????????? | | ??????????### @###????????????????????? | | ????????????# ;#?????????????????????? | | ????????????#ss;#?????????????????????? | | ????????????# ##?????????????????????? | | ????????????# #########??????????????? | | ????????????# ???????? | | ????????????# $ ???????? | | ????????????################??????????? | | ??????????????????????????????????????? | | ??????????????????????????????????????? | | | | | | | | | | | | | | | | | | | | | | | | | | | | | | | +----------------------------------------------------+ Best States ------------- Heat Dissipation 35 Energy Generation 18 Energy Capacity 250 Matter Stores 300 Matter Capacity 300 Sight Range 16 Terrain Scan Density 10 Evasion (%) 50 Item Schematics ----------------- None Robot Schematics ------------------ None Fabricated ------------ Nothing Alien Tech Used ----------------- None Achievements -------------- None Challenges ------------ None Game ------ Seed BoreIntegrationMatrix Manual? 0 Play Time 00:15:49 Cumulative 13.1 hours Start 2020.11.16 @ 10:47:42 End 2020.11.16 @ 11:02:39 Sessions 1 Manual Loads 0 Difficulty Rogue Special Mode Halloween2020/ForbiddenLore Game No. 14 Rogue 14 Adventurer 0 Explorer 0 Win Type - Total 0 Types 0/0/0/0/0/0/0/0/0 Lore% 22 Gallery% 28 Achievement% 22 Wizard Run 0 Options --------- ASCII 0 Keyboard 1 Movement Vi Keybinds 1 Fullscreen 2 Font 14/SmallcapsGlow Map View 84x54 Tactical HUD 1 Map Filters NONE Filters NONE Steam 1 RUN: 328e1cfd-9f91-4ed9-b421-c2432f75a5f0